[Event "Titled Tuesday Blitz May 16 Early 2023"]
[White "Shapiro, Viktor"]
[Black "littlepillow2010"]
[WhiteFideId "4175700"]
[WhiteElo "2152"]
[BlackElo "2329"]
[Result "0-1"]
[Round "11"]
[TimeControl "180+2"]
[Date "2023.05.16"]
[WhiteClock "0:00:05"]
[BlackClock "0:00:46"]

1. c4 e5 2. Nc3 Nf6 3. g3 d5 4. cxd5 Nxd5 5. Bg2 Nb6 6. Nf3 Nc6 7. d3 Be7 8. O-O O-O 9. a3 Be6 10. b4 f6 11. Rb1 Rb8 12. Bd2 Nd5 13. Qc2 Qd7 14. Rfc1 Rfc8 15. Ne4 Nd8 16. Nc5 Bxc5 17. Qxc5 b6 18. Qc2 Nb7 19. e4 Ne7 20. Be3 c5 21. bxc5 bxc5 22. Nd2 Nc6 23. Nc4 Nd4 24. Qd1 Nd6 25. Nxd6 Qxd6 26. f4 Rb6 27. f5 Bf7 28. g4 Rcb8 29. Rxb6 axb6 30. g5 fxg5 31. Bxg5 Nb3 32. Rc2 c4 33. Bf1 Nd4 34. Rg2 c3 35. h4 c2 36. Rxc2 Nxc2 37. Qxc2 Qxa3 38. Qc7 Qc5+ 39. Qxc5 bxc5 40. Be3 Rc8 41. Kf2 c4 42. d4 exd4 43. Bxd4 c3 44. Be3 c2 45. Bc1 Rd8 46. Be2 Rd1 47. Ba3 c1=Q 48. Bxc1 Rxc1 49. e5 Rc5 50. e6 Rxf5+ 0-1


[Site "https://www.chess.com"]

[Event "Titled Tuesday Blitz May 16 Early 2023"]
[White "Labussiere, Yago"]
[Black "Petrovic, Aleksa"]
[WhiteFideId "2186969"]
[BlackFideId "967629"]
[WhiteElo "2160"]
[BlackElo "2309"]
[Result "0-1"]
[Round "11"]
[TimeControl "180+2"]
[Date "2023.05.16"]
[WhiteClock "0:00:01"]
[BlackClock "0:00:20"]

1. c4 c6 2. d3 d5 3. cxd5 cxd5 4. Nf3 Nc6 5. g3 g6 6. Bg2 Bg7 7. O-O Nf6 8. Nc3 O-O 9. Bg5 h6 10. Bxf6 Bxf6 11. d4 Bg4 12. e3 e6 13. h3 Bxf3 14. Bxf3 a6 15. Rc1 Rc8 16. Na4 Qe7 17. Nc5 h5 18. Qb3 Rc7 19. a3 Bxd4 20. Na4 Ba7 21. Nc3 d4 22. exd4 Nxd4 23. Qd1 Rd8 24. Kg2 h4 25. Ne4 hxg3 26. fxg3 Nf5 27. Rxc7 Qxc7 28. Qc1 Ne3+ 29. Kh1 Qe5 30. Rg1 Nf5 31. Rg2 Be3 32. Qf1 Rd4 33. h4 Rxe4 34. Bxe4 Qxe4 35. Kh2 Nxh4 36. gxh4 Qxh4# 0-1


[Site "https://www.chess.com"]

[Event "Titled Tuesday Blitz May 16 Early 2023"]
[White "Mrudul Dehankar"]
[Black "Barbot, Pierre"]
[WhiteFideId "25096990"]
[BlackFideId "663727"]
[WhiteElo "2139"]
[BlackElo "2431"]
[Result "0-1"]
[Round "11"]
[TimeControl "180+2"]
[Date "2023.05.16"]
[WhiteClock "0:00:09"]
[BlackClock "0:00:22"]

1. e4 c6 2. d4 d5 3. e5 Bf5 4. h4 h6 5. h5 e6 6. Bd3 Bxd3 7. Qxd3 Qb6 8. Ne2 c5 9. c3 Nc6 10. O-O Nge7 11. Nd2 cxd4 12. cxd4 Nf5 13. Nf3 Be7 14. g4 Nh4 15. Ne1 O-O-O 16. Bd2 Kb8 17. Nc2 Rdg8 18. Kh2 g6 19. hxg6 Rxg6 20. Rg1 Rhg8 21. f3 Nxe5 22. dxe5 Qf2+ 23. Kh3 Nxf3 24. Rg3 Qh2# 0-1


[Site "https://www.chess.com"]

[Event "Titled Tuesday Blitz May 16 Early 2023"]
[White "Weber, Samuel"]
[Black "Dobre, Claudiu-Cristian"]
[WhiteFideId "12924008"]
[BlackFideId "1211854"]
[WhiteElo "2162"]
[BlackElo "2207"]
[Result "1-0"]
[Round "11"]
[TimeControl "180+2"]
[Date "2023.05.16"]
[WhiteClock "0:00:23"]
[BlackClock "0:00:01"]

1. b3 d5 2. Bb2 e6 3. Nf3 Nf6 4. e3 Be7 5. Be2 O-O 6. O-O b6 7. c4 Bb7 8. Nc3 Nbd7 9. Rc1 a6 10. cxd5 exd5 11. Nd4 Re8 12. Nf5 Bf8 13. Bf3 Ne5 14. Be2 g6 15. Ng3 d4 16. exd4 Qxd4 17. Na4 Qd5 18. f3 b5 19. Nc3 Qd4+ 20. Kh1 Nd3 21. Bxd3 Qxd3 22. Nce4 Nxe4 23. fxe4 c5 24. Rf3 Qd7 25. d3 Bg7 26. Bxg7 Kxg7 27. Rc2 Qd6 28. Rcf2 Re7 29. Rf6 Qe5 30. Qf1 Rf8 31. R6f4 Bc8 32. Qc1 Kg8 33. Nf1 Be6 34. Nd2 Rd8 35. Nf3 Qd6 36. Ng5 Qxd3 37. Nxe6 fxe6 38. Rf1 Red7 39. Qxc5 Qd6 40. Qg5 Qe7 41. Qe5 Rd6 42. h3 Qg7 43. Rf6 Qe7 44. Kh2 Rc6 45. R1f2 Rdc8 46. h4 Qc7 47. Qxc7 R8xc7 48. Rf8+ Kg7 49. Re8 b4 50. Rb8 a5 51. Rb5 Rc5 52. Rb6 Re5 53. Rf4 Rf7 54. Kg3 Rc7 55. Kh2 Rc2 56. Rb7+ Kh6 57. Rff7 Kh5 58. Rf4 h6 59. Rh7 g5 60. hxg5 Rxg5 61. Kh3 Rgxg2 62. Rh4+ Kg5 63. Rg7+ Kf6 64. Rxg2 Rxg2 65. Kxg2 Kg5 66. Rh3 h5 67. Rd3 Kf4 68. Rd6 e5 69. Ra6 Kxe4 70. Rxa5 h4 71. Rb5 Kd3 72. Rxb4 e4 73. Kh3 e3 74. Rb8 e2 75. Rd8+ Kc2 76. Re8 Kd2 77. Kxh4 1-0


[Site "https://www.chess.com"]

[Event "Titled Tuesday Blitz May 16 Early 2023"]
[White "Rodchenkov, Sergey D."]
[Black "Mikhaylova, Irina"]
[WhiteFideId "4168712"]
[BlackFideId "4109040"]
[WhiteElo "2277"]
[BlackElo "1975"]
[Result "1-0"]
[Round "11"]
[TimeControl "180+2"]
[Date "2023.05.16"]
[WhiteClock "0:02:33"]
[BlackClock "0:02:07"]

1. e4 c5 2. Nf3 Nc6 3. d4 cxd4 4. Nxd4 e5 5. Nb5 d6 6. c4 Be7 7. N5c3 Be6 8. Be2 Bg5 9. O-O Bxc1 10. Qxc1 Nf6 11. Nd2 Nd4 12. Re1 Rc8 13. Bf1 O-O 14. Qd1 a6 15. Nb3 Bxc4 16. Nxd4 exd4 17. Qxd4 b5 18. Rad1 Bxf1 19. Rxf1 Rc4 20. Qd3 Qe7 21. f3 b4 22. Qxc4 bxc3 23. Qxc3 1-0


[Site "https://www.chess.com"]

[Event "Titled Tuesday Blitz May 16 Early 2023"]
[White "Rosh Jain"]
[Black "UNSTOPPABLE_LEGEND"]
[WhiteFideId "25789465"]
[WhiteElo "2233"]
[BlackElo "2448"]
[Result "0-1"]
[Round "11"]
[TimeControl "180+2"]
[Date "2023.05.16"]
[WhiteClock "0:00:18"]
[BlackClock "0:00:18"]

1. e4 e6 2. d4 d5 3. Nc3 Nf6 4. Bg5 dxe4 5. Nxe4 Be7 6. Bxf6 gxf6 7. Nf3 f5 8. Ng3 a6 9. Bd3 b5 10. c3 Bb7 11. Qe2 Nd7 12. O-O-O O-O 13. Nh5 Nf6 14. Nxf6+ Bxf6 15. Ne5 Qd5 16. Kb1 c5 17. g4 cxd4 18. cxd4 Qxd4 19. Rhe1 Bxe5 20. Qxe5 Qxe5 21. Rxe5 Bf3 22. Rg1 fxg4 23. Re3 Kh8 24. h3 Rg8 25. Rg3 h5 26. Re5 f5 27. hxg4 hxg4 28. Rxe6 Rgf8 29. Rg1 Rad8 30. Kc2 Rd4 31. Be2 Rc8+ 32. Kb3 Bd5+ 33. Ka3 Ra4# 0-1


[Site "https://www.chess.com"]

[Event "Titled Tuesday Blitz May 16 Early 2023"]
[White "Rose, Felix"]
[Black "Papayan, Oleg"]
[WhiteFideId "5105722"]
[BlackFideId "4193911"]
[WhiteElo "2039"]
[BlackElo "2171"]
[Result "0-1"]
[Round "11"]
[TimeControl "180+2"]
[Date "2023.05.16"]
[WhiteClock "0:00:00"]
[BlackClock "0:00:23"]

1. d4 Nf6 2. Nf3 d5 3. e3 c5 4. c3 Nc6 5. Bd3 Bg4 6. dxc5 e5 7. Bb5 e4 8. h3 Bh5 9. g4 Nxg4 10. Qa4 exf3 11. Bxc6+ bxc6 12. Qxc6+ Ke7 13. Qb7+ Ke8 14. Qc6+ Ke7 15. hxg4 Bxg4 16. e4 Rc8 17. Qb7+ Qc7 18. Qxd5 Qxc5 19. Qxc5+ Rxc5 20. Be3 Rb5 21. b4 a6 22. a4 Rb7 23. Rg1 h5 24. Nd2 g6 25. O-O-O Bg7 26. Bc5+ Ke6 27. Kc2 Rc8 28. Rg3 a5 29. Nxf3 axb4 0-1


[Site "https://www.chess.com"]

[Event "Titled Tuesday Blitz May 16 Early 2023"]
[White "Rodriguez Santiago, Jaime"]
[Black "Kielinkei"]
[WhiteFideId "3100898"]
[WhiteElo "2025"]
[BlackElo "2427"]
[Result "0-1"]
[Round "11"]
[TimeControl "180+2"]
[Date "2023.05.16"]
[WhiteClock "0:00:38"]
[BlackClock "0:00:42"]

1. c4 e5 2. Nc3 Nc6 3. g3 f5 4. Bg2 Nf6 5. d3 d6 6. e4 g6 7. Nge2 Bg7 8. exf5 gxf5 9. O-O Be6 10. b3 Qd7 11. f4 O-O-O 12. Rb1 h5 13. Nd5 Bxd5 14. cxd5 Ne7 15. Be3 Nfxd5 16. Bf2 Kb8 17. Rc1 h4 18. gxh4 exf4 19. Nd4 Bf6 20. h5 Ne3 21. Bxe3 fxe3 22. Qf3 c6 23. Nxf5 e2 24. Rf2 Nxf5 25. Qxf5 Bd4 26. Qxd7 Rxd7 27. Bf3 Rf7 28. Kg2 Rg8+ 0-1


[Site "https://www.chess.com"]

[Event "Titled Tuesday Blitz May 16 Early 2023"]
[White "Zaksaite, Salomeja"]
[Black "LangesNasenhaar"]
[WhiteFideId "12801496"]
[WhiteElo "2059"]
[BlackElo "2418"]
[Result "1-0"]
[Round "11"]
[TimeControl "180+2"]
[Date "2023.05.16"]
[WhiteClock "0:00:35"]
[BlackClock "0:01:30"]

1. e4 d6 2. d4 Nf6 3. Nc3 Nbd7 4. Nf3 e5 5. dxe5 dxe5 6. Bc4 Be7 7. a4 c6 8. O-O h6 9. h3 Qc7 10. Qe2 g5 11. Ba2 Nf8 12. Rd1 g4 13. Nh4 gxh3 14. g3 Be6 15. Nf5 Bxf5 16. exf5 N8d7 17. Qc4 Rh7 18. Nb5 Qb8 19. Nc3 Kf8 20. Bxh6+ Kg8 21. Bg5 Kh8 22. Rxd7 Nxd7 23. Bxe7 Qg8 24. Rd1 Qe8 25. Bg5 f6 26. Rxd7 Qxd7 27. Bxf6+ Rg7 28. Qh4# 1-0


[Site "https://www.chess.com"]

[Event "Titled Tuesday Blitz May 16 Early 2023"]
[White "mjelcic"]
[Black "Gatterer, Florian"]
[BlackFideId "811688"]
[WhiteElo "2261"]
[BlackElo "2221"]
[Result "0-1"]
[Round "11"]
[TimeControl "180+2"]
[Date "2023.05.16"]
[WhiteClock "0:01:09"]
[BlackClock "0:02:07"]

1. c4 e5 2. Nc3 Nf6 3. g3 Bb4 4. Bg2 Bxc3 5. dxc3 O-O 6. e4 d6 7. Qc2 Be6 8. b3 a6 9. Ne2 b5 10. cxb5 axb5 11. O-O Nc6 12. Kh1 Qc8 13. f4 Bh3 14. f5 Bxg2+ 15. Kxg2 h6 16. h3 Qb7 17. Ng1 b4 18. Bd2 d5 19. exd5 Nxd5 20. c4 Nd4 21. Qe4 Ne3+ 0-1


[Site "https://www.chess.com"]

[Event "Titled Tuesday Blitz May 16 Early 2023"]
[White "MANOJ_MISHRA123"]
[Black "Mohammed, Zozek Salah Mohammed"]
[BlackFideId "4803361"]
[WhiteElo "2188"]
[BlackElo "2211"]
[Result "1-0"]
[Round "11"]
[TimeControl "180+2"]
[Date "2023.05.16"]
[WhiteClock "0:02:36"]
[BlackClock "0:02:11"]

1. d4 d5 2. Bf4 c5 3. e3 Nc6 4. Nc3 Nf6 5. Nb5 e5 6. Bxe5 Nxe5 7. dxe5 Ne4 8. Qxd5 Qxd5 9. Nc7+ Kd7 10. Nxd5 Kc6 11. c4 Be6 12. f3 Ng5 13. h4 1-0


[Site "https://www.chess.com"]

[Event "Titled Tuesday Blitz May 16 Early 2023"]
[White "Cramling Bellon, Anna"]
[Black "Topalov, Aleksandar"]
[WhiteFideId "32009232"]
[BlackFideId "925659"]
[WhiteElo "1976"]
[BlackElo "2151"]
[Result "0-1"]
[Round "11"]
[TimeControl "180+2"]
[Date "2023.05.16"]
[WhiteClock "0:00:00"]
[BlackClock "0:00:05"]

1. d4 Nf6 2. c4 c5 3. d5 d6 4. Nc3 g6 5. e4 Bg7 6. f4 O-O 7. Nf3 e6 8. Bd3 exd5 9. cxd5 b5 10. Bxb5 Nxe4 11. Nxe4 Qa5+ 12. Nc3 Bxc3+ 13. bxc3 Qxb5 14. Kf2 Nd7 15. Re1 Nb6 16. a4 Qc4 17. a5 Nd7 18. Ra4 Qa6 19. c4 f6 20. Bb2 Rf7 21. Re8+ Nf8 22. Qe1 Rb8 23. Qc3 Rxb2+ 24. Qxb2 Bd7 25. Rb8 Bxa4 26. h4 Qxc4 27. h5 Qxd5 28. hxg6 hxg6 0-1


[Site "https://www.chess.com"]

[Event "Titled Tuesday Blitz May 16 Early 2023"]
[White "Buscar, Michael"]
[Black "Osinovsky, Stepan"]
[WhiteFideId "2603616"]
[BlackFideId "4157354"]
[WhiteElo "2010"]
[BlackElo "2222"]
[Result "1-0"]
[Round "11"]
[TimeControl "180+2"]
[Date "2023.05.16"]
[WhiteClock "0:00:14"]
[BlackClock "0:00:00"]

1. d4 Nf6 2. c4 g6 3. Nc3 Bg7 4. e4 O-O 5. Nf3 d6 6. Be2 e5 7. h3 Nbd7 8. d5 Nc5 9. Qc2 a5 10. Be3 Nfd7 11. g4 c6 12. dxc6 bxc6 13. O-O-O Qc7 14. Kb1 Rd8 15. h4 Ne6 16. h5 Ndc5 17. hxg6 fxg6 18. Bh6 Bh8 19. Ng5 Rb8 20. Nxe6 Bxe6 21. Bg5 Rd7 22. Rh2 Rb4 23. a3 Rb3 24. Be3 Qb8 25. Bxc5 dxc5 26. Rxd7 Bxd7 27. Na4 Bc8 28. Ka2 Rb7 29. Nxc5 Rf7 30. Qd2 Qb6 31. Qd6 Bf6 32. Na4 Qd4 33. Qxc6 Bd7 34. Qa8+ Kg7 35. Nc3 Bg5 36. Qd5 Bd2 37. Qxd4 exd4 38. Nd5 Be6 39. f3 Rb7 40. Kb1 Be1 41. Kc2 Bf7 42. Rh1 Bf2 43. Rb1 h5 44. gxh5 gxh5 45. b4 axb4 46. axb4 h4 47. Bf1 Ra7 48. b5 Bh5 49. Bg2 1-0


[Site "https://www.chess.com"]

[Event "Titled Tuesday Blitz May 16 Early 2023"]
[White "Rian, Kapriaga"]
[Black "Liu, Casper"]
[WhiteFideId "7103263"]
[BlackFideId "1454153"]
[WhiteElo "2312"]
[BlackElo "2221"]
[Result "1-0"]
[Round "11"]
[TimeControl "180+2"]
[Date "2023.05.16"]
[WhiteClock "0:00:16"]
[BlackClock "0:00:00"]

1. d4 Nf6 2. c4 g6 3. Nc3 Bg7 4. e4 O-O 5. Bd3 d6 6. Nge2 Na6 7. O-O e5 8. d5 Nc5 9. Bg5 h6 10. Be3 Nh5 11. Qd2 Kh7 12. b4 Nd7 13. c5 f5 14. f3 f4 15. Bf2 g5 16. cxd6 cxd6 17. Nb5 Rf6 18. Rfc1 Rg6 19. Nc7 Rb8 20. Ne6 Qg8 21. Bxa7 Ra8 22. Bf2 Ndf6 23. Rc7 Ne8 24. Re7 g4 25. Kh1 Bxe6 26. dxe6 Rxe6 27. Rxb7 Rg6 28. a4 Qe6 29. fxg4 Qxg4 30. Rg1 Rxa4 31. Bb5 Ra1 32. Nc1 Ng3+ 33. Bxg3 fxg3 34. Bxe8 gxh2 35. Bxg6+ Qxg6 36. Rf1 Qg3 37. Rff7 1-0


[Site "https://www.chess.com"]

[Event "Titled Tuesday Blitz May 16 Early 2023"]
[White "Yonal, Timur"]
[Black "Shubenkova, Veronika"]
[WhiteFideId "44115725"]
[BlackFideId "44124040"]
[WhiteElo "1966"]
[BlackElo "2060"]
[Result "0-1"]
[Round "11"]
[TimeControl "180+2"]
[Date "2023.05.16"]
[WhiteClock "0:00:00"]
[BlackClock "0:02:04"]

1. e4 e6 2. d4 d5 3. Nc3 Nf6 4. Bg5 Be7 5. e5 Nfd7 6. Bxe7 Qxe7 7. f4 a6 8. Qg4 g6 9. Nf3 h5 10. Qg3 c5 11. O-O-O cxd4 12. Nxd4 Nc6 13. Qe3 Qc5 14. Kb1 b5 15. Qg1 Bb7 16. Nxc6 Qxc6 17. Ne2 O-O-O 18. Nd4 Qc7 19. Rd3 Kb8 20. Rc3 Qb6 21. a3 Rc8 22. Rxc8+ Rxc8 23. Bd3 Nc5 24. Qe3 Nxd3 25. Qxd3 Rc4 26. Rd1 b4 27. axb4 Rxb4 28. b3 a5 29. c3 Rxb3+ 30. Nxb3 Qxb3+ 31. Kc1 a4 32. Rd2 a3 33. Qc2 Qc4 34. Qa2 Qxc3+ 35. Kd1 d4 36. Qc2 Qe3 37. Qd3 a2 0-1


[Site "https://www.chess.com"]

[Event "Titled Tuesday Blitz May 16 Early 2023"]
[White "Ansh M Shah"]
[Black "Jiganchine, Roman"]
[WhiteFideId "25033379"]
[BlackFideId "2603667"]
[WhiteElo "2084"]
[BlackElo "2267"]
[Result "0-1"]
[Round "11"]
[TimeControl "180+2"]
[Date "2023.05.16"]
[WhiteClock "0:01:45"]
[BlackClock "0:00:14"]

1. d4 d5 2. c4 e6 3. g3 Nf6 4. Bg2 Bd6 5. Nf3 O-O 6. O-O h6 7. Nc3 Nc6 8. Nd2 Nxd4 9. cxd5 exd5 10. e3 Nc6 11. Nxd5 Be6 12. Nxf6+ Qxf6 13. Ne4 Qe7 14. Nxd6 Rfd8 15. Bd2 Rxd6 16. Qc2 Qg5 17. Bc3 Rad8 18. Qb3 Bxb3 19. axb3 a6 20. b4 Qb5 21. Rfc1 Nxb4 22. Bf1 Nd3 23. Rd1 Qf5 24. Rd2 Ne1 25. Rxd6 Nf3+ 26. Kg2 Rxd6 27. Be2 Ng5 28. h4 Qe4+ 29. Kg1 Nf3+ 30. Kf1 Nh2+ 31. Kg1 Nf3+ 32. Kf1 Nxh4 33. Kg1 Qg2# 0-1


[Site "https://www.chess.com"]

[Event "Titled Tuesday Blitz May 16 Early 2023"]
[White "Kuchava, Ana"]
[Black "Goswami, Vedant"]
[WhiteFideId "13605348"]
[BlackFideId "5003725"]
[WhiteElo "2001"]
[BlackElo "2011"]
[Result "1-0"]
[Round "11"]
[TimeControl "180+2"]
[Date "2023.05.16"]
[WhiteClock "0:00:18"]
[BlackClock "0:00:00"]

1. d4 g6 2. c4 Bg7 3. Nf3 d6 4. Nc3 Bg4 5. e4 Bxf3 6. gxf3 Nc6 7. Be3 e5 8. d5 Nd4 9. Be2 Ne7 10. Qd2 f5 11. O-O-O O-O 12. h4 Nxe2+ 13. Qxe2 a6 14. h5 Qd7 15. Rdg1 f4 16. Bd2 c5 17. Qf1 b5 18. cxb5 axb5 19. Qxb5 Qxb5 20. Nxb5 Ra6 21. a3 Rc8 22. Kc2 Kf7 23. hxg6+ hxg6 24. Rh7 Kg8 25. Rhh1 Bf6 26. Ra1 g5 27. a4 Ng6 28. Kd3 Nh4 29. Ke2 Kf7 30. Rhc1 Ke7 31. Rc4 Rb8 32. Ra3 Rg8 33. b4 g4 34. fxg4 f3+ 35. Kd3 cxb4 36. Bxb4 Rxg4 37. Rc7+ Kf8 38. Nxd6 Kg8 39. a5 Ng2 40. Rc6 Nf4+ 41. Ke3 Ra8 42. Kxf3 Rh4 43. a6 Be7 44. Ke3 Rh3+ 45. Kd2 Rh2 46. Bc5 Rb8 47. Nb7 Bxc5 48. Rxc5 Rxf2+ 49. Kc3 Rf3+ 50. Kb4 Rxa3 51. Kxa3 Ra8 52. Rc6 Nd3 53. Ka4 Kf7 54. Kb5 Nf2 55. Rc7+ 1-0


[Site "https://www.chess.com"]

[Event "Titled Tuesday Blitz May 16 Early 2023"]
[White "lluiss"]
[Black "Mazurkiewicz, Michal"]
[BlackFideId "1124943"]
[WhiteElo "2283"]
[BlackElo "2054"]
[Result "0-1"]
[Round "11"]
[TimeControl "180+2"]
[Date "2023.05.16"]
[WhiteClock "0:00:04"]
[BlackClock "0:00:12"]

1. Nf3 Nf6 2. c4 g6 3. g3 Bg7 4. Bg2 O-O 5. O-O d6 6. d4 c5 7. Nc3 cxd4 8. Nxd4 Qa5 9. Nd5 Nxd5 10. cxd5 Na6 11. Bd2 Qb6 12. Bc3 Bd7 13. e3 Rfc8 14. Rc1 Nc5 15. b3 Qa6 16. Qd2 Nd3 17. Ra1 Rc7 18. Rfd1 Nc5 19. Bf1 b5 20. Rac1 Ne4 21. Qb2 Nxc3 22. Rxc3 Rxc3 23. Qxc3 Rc8 24. Qd2 Qb6 25. b4 Bxd4 26. exd4 Qc7 27. Bd3 Qc3 28. Qxc3 Rxc3 29. Kg2 Bc8 30. Be4 h5 31. Rd2 Bb7 32. h4 f5 33. Bf3 Kf7 34. Re2 Rc4 35. Re3 Rxb4 36. Rc3 Rc4 37. Rxc4 bxc4 38. Kf1 Kf6 39. Ke1 e6 40. Kd2 Bxd5 41. Be2 e5 42. Kc3 g5 43. a4 f4 44. a5 gxh4 45. gxh4 f3 46. Bxc4 Bxc4 47. Kxc4 e4 48. Kc3 d5 49. Kd2 Kf5 50. Ke3 Kg4 51. Kd2 Kxh4 52. Ke3 Kg4 53. Kd2 h4 54. Kc3 h3 55. Kb4 h2 56. Kc5 h1=Q 57. Kxd5 Qe1 58. Ke5 Qxa5+ 59. Kxe4 Qd2 60. d5 Qxf2 61. Ke5 Qe2+ 62. Kf6 f2 63. d6 f1=Q+ 64. Kg7 Qe6 65. d7 Qff7+ 0-1


[Site "https://www.chess.com"]

[Event "Titled Tuesday Blitz May 16 Early 2023"]
[White "Quirke, Jeffrey"]
[Black "Skaric, Djuro"]
[WhiteFideId "2013029"]
[BlackFideId "934569"]
[WhiteElo "2235"]
[BlackElo "2282"]
[Result "1/2-1/2"]
[Round "11"]
[TimeControl "180+2"]
[Date "2023.05.16"]
[WhiteClock "0:00:08"]
[BlackClock "0:00:55"]

1. e4 d6 2. d4 g6 3. Nc3 Bg7 4. h3 Nf6 5. Nf3 Nc6 6. Be3 h6 7. Be2 O-O 8. O-O Nd7 9. Qd2 Kh7 10. a4 e5 11. dxe5 Ndxe5 12. Nxe5 Nxe5 13. a5 a6 14. Rad1 Nc6 15. Nd5 Be6 16. c4 Qd7 17. b4 Bxd5 18. cxd5 Nd8 19. Rc1 f6 20. Qc2 Rc8 21. Bb6 c6 22. Bg4 f5 23. exf5 gxf5 24. Rfe1 Kh8 25. Bf3 Nf7 26. dxc6 bxc6 27. Bxc6 Rxc6 28. Qxc6 Ne5 29. Qxd7 Nxd7 30. Be3 f4 31. Bd2 Ne5 32. Rc7 f3 33. Bc3 fxg2 34. Bxe5 Bxe5 35. Kxg2 Rg8+ 36. Kf1 Rf8 37. Rc6 Rf4 38. Rxe5 dxe5 39. Rxh6+ Kg7 40. Rxa6 Rxb4 41. Ra8 Rb3 42. Kg2 Ra3 43. a6 e4 44. a7 Kh7 45. Kf1 Kg7 46. h4 Kh7 47. Ke2 Kg7 48. Kd2 Kh7 49. Kc2 Kg7 50. Kb2 Ra6 51. Kc3 Ra4 52. Kb3 Ra1 53. Kc4 Ra2 54. Kd5 Ra4 55. Ke5 Kh7 56. Kf5 Kg7 57. Ke6 Kh7 58. Kd5 Kg7 59. Kc6 Ra2 60. Kd6 Ra5 61. Ke6 Kh7 62. Kf6 Ra6+ 63. Kf5 Ra4 64. Re8 Rxa7 65. Rxe4 Rf7+ 66. Kg5 Rxf2 67. h5 Rg2+ 68. Kh4 Rh2+ 69. Kg4 Rg2+ 70. Kh4 Rg1 71. Re7+ Kh6 72. Re6+ Kh7 73. Re7+ Kh6 74. Re6+ Kg7 75. Rg6+ Rxg6 76. hxg6 Kxg6 1/2-1/2


[Site "https://www.chess.com"]

[Event "Titled Tuesday Blitz May 16 Early 2023"]
[White "Thiel, Thomas"]
[Black "Fernandez Siles, Luis"]
[WhiteFideId "4615964"]
[BlackFideId "2209420"]
[WhiteElo "2209"]
[BlackElo "2195"]
[Result "0-1"]
[Round "11"]
[TimeControl "180+2"]
[Date "2023.05.16"]
[WhiteClock "0:00:00"]
[BlackClock "0:00:19"]

1. e4 c5 2. Nc3 Nc6 3. Bb5 Nd4 4. Bc4 g6 5. Nf3 Bg7 6. Nxd4 cxd4 7. Qf3 Nh6 8. Ne2 O-O 9. d3 Ng4 10. Bb3 d6 11. Qg3 Nf6 12. O-O a5 13. a4 Qb6 14. Bg5 Be6 15. Bxe6 fxe6 16. Qh3 e5 17. b3 Qc6 18. Rac1 Qc8 19. Qxc8 Raxc8 20. c3 dxc3 21. Nxc3 h6 22. Bxf6 Bxf6 23. Nd5 Bg5 24. Rxc8 Rxc8 25. g3 e6 26. Nb6 Rc3 27. Rd1 Rxb3 28. Nc4 b6 29. Nxd6 Rb4 30. Nc4 Bd8 31. Ra1 Bc7 32. Kf1 Kf7 33. Ra2 Ke7 34. Ke2 Kd7 35. Kd2 Rb1 36. Kc2 Rh1 37. h4 Kc6 38. Kc3 Rc1+ 39. Rc2 Rf1 40. Kb2 Kd7 41. Kb3 Bd8 42. Ne3 Rb1+ 43. Rb2 Ra1 0-1


[Site "https://www.chess.com"]

[Event "Titled Tuesday Blitz May 16 Early 2023"]
[White "Korpics, Zsolt"]
[Black "Smietanska, Wiktoria"]
[WhiteFideId "705241"]
[BlackFideId "21869359"]
[WhiteElo "2337"]
[BlackElo "1995"]
[Result "1-0"]
[Round "11"]
[TimeControl "180+2"]
[Date "2023.05.16"]
[WhiteClock "0:00:13"]
[BlackClock "0:00:46"]

1. e4 c5 2. Nc3 Nc6 3. Nf3 g6 4. d4 cxd4 5. Nxd4 Bg7 6. Be3 d6 7. f3 Nf6 8. Qd2 Nxd4 9. Bxd4 O-O 10. O-O-O a6 11. g4 b5 12. h4 b4 13. Ne2 Qa5 14. Kb1 Be6 15. Nc1 Rfb8 16. h5 Qc7 17. Qh2 a5 18. hxg6 hxg6 19. e5 Ne8 20. exd6 exd6 21. Qh7+ Kf8 22. Bxg7+ Nxg7 23. Qh8+ Ke7 24. Qxg7 a4 25. g5 a3 26. Qf6+ Kd7 27. Bh3 axb2 28. Qxf7+ Kc6 29. Qxc7+ Kxc7 30. Bxe6 bxc1=Q+ 31. Kxc1 Ra3 32. Rh7+ Kc6 33. Bd5+ Kb6 34. Rd7 Kc5 35. Rc7+ Kb5 36. Bb3 Rd8 37. Rg7 Kc5 38. Rxg6 d5 39. Rf6 d4 40. Rf5+ Kc6 41. Rf4 1-0


[Site "https://www.chess.com"]

[Event "Titled Tuesday Blitz May 16 Early 2023"]
[White "Smith, Shreyas"]
[Black "Kiseljova, Marya"]
[WhiteFideId "7400713"]
[BlackFideId "4155009"]
[WhiteElo "2151"]
[BlackElo "1831"]
[Result "1-0"]
[Round "11"]
[TimeControl "180+2"]
[Date "2023.05.16"]
[WhiteClock "0:00:02"]
[BlackClock "0:00:00"]

1. e4 c5 2. Nf3 Nc6 3. Bb5 e5 4. O-O Bd6 5. Bxc6 dxc6 6. d3 Ne7 7. Nbd2 Bc7 8. a4 a5 9. Nc4 Ng6 10. Bd2 O-O 11. Qe1 b6 12. Be3 Be6 13. Nfd2 Nf4 14. g3 Ng6 15. f4 Bh3 16. Rf3 Bg4 17. Rf2 exf4 18. gxf4 Qh4 19. Rg2 Bh3 20. Qxh4 Nxh4 21. Rg3 Be6 22. f5 Bxc4 23. Nxc4 Bxg3 24. hxg3 Nf3+ 25. Kf2 b5 26. Nb6 Ra6 27. Bxc5 Ne5 28. Bxf8 Kxf8 29. d4 Rxb6 30. dxe5 bxa4 31. Rxa4 Rxb2 32. Rxa5 Rxc2+ 33. Kf3 c5 34. Ra7 Rc1 35. Ke3 Rc3+ 36. Kf4 h6 37. e6 fxe6 38. fxe6 Rb3 39. Rc7 Rb5 40. Kf5 c4+ 41. e5 Rb3 42. Rxc4 Rxg3 43. Rc8+ Ke7 44. Rc7+ Kf8 45. e7+ Ke8 46. Ke6 Rg6+ 47. Kd5 Rg1 48. Kd6 Rg6+ 49. e6 1-0


[Site "https://www.chess.com"]

[Event "Titled Tuesday Blitz May 16 Early 2023"]
[White "Fernandez Hernandez, Gerardo"]
[Black "Gonzalez, Francisco Silva"]
[WhiteFideId "2207400"]
[BlackFideId "1512285"]
[WhiteElo "2191"]
[BlackElo "2074"]
[Result "0-1"]
[Round "11"]
[TimeControl "180+2"]
[Date "2023.05.16"]
[WhiteClock "0:00:40"]
[BlackClock "0:01:59"]

1. e4 e5 2. Nf3 Nc6 3. Nc3 Nf6 4. d4 Bb4 5. Nxe5 Qe7 6. Nxc6 Qxe4+ 7. Qe2 dxc6 8. Bd2 Qe6 9. Qxe6+ Bxe6 10. Bd3 O-O-O 11. Ne2 Bxd2+ 12. Kxd2 Bd5 13. f3 Rhe8 14. c4 Be6 15. Rhe1 Rd6 16. Kc3 Red8 17. Rad1 Kb8 18. b3 b6 19. Be4 a5 20. Rd2 b5 21. c5 Nd5+ 22. Bxd5 Rxd5 23. Nf4 b4+ 24. Kc4 Rxd4# 0-1


[Site "https://www.chess.com"]

[Event "Titled Tuesday Blitz May 16 Early 2023"]
[White "agvania123"]
[Black "KorolDimitriy75"]
[WhiteElo "2229"]
[BlackElo "2464"]
[Result "1/2-1/2"]
[Round "11"]
[TimeControl "180+2"]
[Date "2023.05.16"]
[WhiteClock "0:02:33"]
[BlackClock "0:00:38"]

1. c4 c5 2. Nf3 g6 3. Nc3 Bg7 4. e4 Nc6 5. d3 d6 6. g3 Bg4 7. Bg2 e6 8. O-O Nd4 9. Be3 Ne7 10. Bxd4 Bxd4 11. h3 Bxf3 12. Bxf3 O-O 13. Bg2 1/2-1/2


[Site "https://www.chess.com"]

[Event "Titled Tuesday Blitz May 16 Early 2023"]
[White "Grabinsky, Vladimir"]
[Black "Balla, Tamas-Kristof"]
[WhiteFideId "14107074"]
[BlackFideId "1208497"]
[WhiteElo "2027"]
[BlackElo "2334"]
[Result "0-1"]
[Round "11"]
[TimeControl "180+2"]
[Date "2023.05.16"]
[WhiteClock "0:00:00"]
[BlackClock "0:00:28"]

1. e4 d5 2. exd5 Qxd5 3. Nc3 Qa5 4. d4 Nf6 5. Bc4 c6 6. Ne2 Bf5 7. O-O e6 8. Ng3 Bg6 9. f4 Bd6 10. f5 Bxf5 11. Nxf5 exf5 12. Qe2+ Kf8 13. Bg5 Nbd7 14. Qd3 h6 15. Rxf5 Qc7 16. Bxf6 Bxh2+ 17. Kh1 Nxf6 18. Raf1 Re8 19. Rxf6 gxf6 20. Ne4 Re7 21. Nxf6 Qg3 22. Nh5 Qxd3 23. cxd3 Bc7 24. Rf6 Rd7 25. g4 Bd8 26. Rf4 Bg5 27. Rf5 Rg8 28. Ng3 Rg6 29. Ne4 Kg7 30. Nc5 Rxd4 31. Rxf7+ Kh8 32. Ne6 Rxg4 33. Rf8+ Kh7 34. Rf7+ Kh8 35. Rf8+ Rg8 36. Rxg8+ Kxg8 37. Nxg5+ Kg7 38. Ne4 b5 39. Bb3 Kf8 0-1


[Site "https://www.chess.com"]